 Dungeon Crawl Stone Soup version 0.32-a0-837-g8d3e27d251 (webtiles) character file.

Game seed: 71262173225118152

268 Essalna the Digger (level 6, -1/46 HPs)
             Began as a Demonspawn Earth Elementalist on Mar 26, 2024.
             Slain by an iguana (9 damage)
             ... on level 4 of the Dungeon.
             The game lasted 00:03:49 (2369 turns).

Essalna the Digger (Demonspawn Earth Elementalist)  Turns: 2369, Time: 00:03:49

Health: -1/46      AC:  2    Str:  8    XL:     6   Next: 0%
Magic:  2/11       EV: 16    Int: 18    God:
Gold:   101        SH:  0    Dex: 13    Spells: 7/11 levels left

rFire   . . .        c - +0 mace
rCold   . . .        (no shield)
rNeg    . . .        a - +0 robe
rPois   .            (helmet restricted)
rElec   .            (no cloak)
rCorr   .            (no gloves)
SInv    .            (no boots)
Will    .....        (no amulet)
Stlth   ++           h - +5 ring of evasion
HPRegen 0.27/turn    n - +4 ring of slaying
MPRegen 0.12/turn

%: no passive effects
@: no status effects
A: antennae 1, powered by death 1, weakness stinger 1
a: no special abilities


You were on level 4 of the Dungeon.
You visited 1 branch of the dungeon, and saw 4 of its levels.

You collected 101 gold pieces.

Inventory:

Hand Weapons
 c - a +0 mace (weapon)
Armour
 a - a +0 robe (worn)
Magical Staves
 f - a staff of fire
Jewellery
 h - a +5 ring of evasion (left hand)
 n - a +4 ring of slaying (right hand)
Scrolls
 g - a scroll of summoning {unknown}
 j - 3 scrolls of vulnerability {unknown}
 k - 3 scrolls of identify {unknown}
 m - a scroll of amnesia {unknown}
Potions
 b - a potion of magic
 d - 2 potions of might {unknown}
 e - 2 potions of lignification {unknown}
 i - a potion of mutation {unknown}
 l - a potion of curing {unknown}
 o - a potion of attraction {unknown}
 p - a potion of ambrosia {unknown}


   Skills:
 + Level 2.7 Fighting
 - Level 1.7 Dodging
 - Level 1.7 Stealth
 + Level 3.3 Spellcasting
 + Level 3.0 Conjurations
 + Level 3.8 Earth Magic


You had 7 spell levels left.
You knew the following spells:

 Your Spells              Type           Power      Damage    Failure   Level
a - Sandblast             Erth           32%        2d9       3%          1
b - Stone Arrow           Conj/Erth      30%        3d8       12%         3

Your spell library contained the following spells:

 Spells                   Type           Power      Damage    Failure   Level
 Passwall                 Erth           16%        N/A       10%         3
 Brom's Barrelling Bould  Conj/Erth      15%        2d4       36%         4
 Petrify                  Alch/Erth      9%         N/A       56%         4
 Iskenderun's Battlesphe  Conj           13%        2d7       77%         5
 Bombard                  Conj/Erth      7%         9d2       99%         6
 Spellforged Servitor     Conj/Summ      4%         N/A       100%        7


Dungeon Overview and Level Annotations

Branches:
Dungeon (4/15)
 Temple: D:4-7

Altars:

Annotations:
D:3 1 runed translucent door, Sigmund; paps's ghost, weakling DsGl


Innate Abilities, Weirdness & Mutations

You have a pair of small antennae on your head.
You regenerate a little health from kills.
You have a small tail.


Message History

The iguana is heavily wounded.
The iguana barely misses you.
The blast of sand hits the iguana but does no damage.
The iguana is heavily wounded.
The iguana barely misses you. The iguana bites you.
You are too injured to fight recklessly!
Casting: Sandblast (safe; 3% risk of failure)
Confirm with . or Enter, or press ? or * to list all spells.
Aiming: Sandblast (safe; 3% risk of failure)
Press: ? - help, Shift-Dir - straight line, f/p - iguana
Aim: an iguana (moderately wounded, 84% to hit)
The blast of sand hits the iguana but does no damage.
The iguana is moderately wounded.
The iguana bites you!
Casting: Sandblast (safe; 3% risk of failure)
Confirm with . or Enter, or press ? or * to list all spells.
Aiming: Sandblast (safe; 3% risk of failure)
Press: ? - help, Shift-Dir - straight line, f/p - iguana
Aim: an iguana (moderately wounded, 84% to hit)
The blast of sand hits the iguana.
The iguana is severely wounded.
The iguana closely misses you. The iguana bites you!
Casting: Sandblast (safe; 3% risk of failure)
Confirm with . or Enter, or press ? or * to list all spells.
Aiming: Sandblast (safe; 3% risk of failure)
Press: ? - help, Shift-Dir - straight line, f/p - iguana
Aim: an iguana (severely wounded, 84% to hit)
The blast of sand hits the iguana but does no damage.
The iguana is severely wounded.
The iguana bites you!
* * * LOW HITPOINT WARNING * * *
Casting: Sandblast (safe; 3% risk of failure)
Confirm with . or Enter, or press ? or * to list all spells.
Aiming: Sandblast (safe; 3% risk of failure)
Press: ? - help, Shift-Dir - straight line, f/p - iguana
Aim: an iguana (severely wounded, 84% to hit)
The blast of sand hits the iguana but does no damage.
The iguana is severely wounded.
The iguana barely misses you. The iguana bites you!
You die...

..# #..#..# ~#
..# #.....#~~
.#~#
+.#...#~##.#~##
#.##.##~#.....#
..##.#~~#.....#
.###.##~~#.....#
.. #.#~~##$....
## #.~~~#l..#
#..~##@#
#[.~#..#
#..##..#
###...## #...#
#...# #...#
#...# #...#


You could see an iguana.

Vanquished Creatures
  An ogre (D:4)
  A scorpion (D:4)
  A bombardier beetle (D:3)
  3 adders
  2 ribbon worms (D:2)
  A dart slug (D:2)
  5 orcs
  4 endoplasms
  5 goblins
  7 hobgoblins
  4 jackals (D:1)
  A quokka (D:3)
  7 ball pythons
  6 bats
  2 frilled lizards
  7 kobolds
  A rat (D:1)
58 creatures vanquished.

Notes
Turn   | Place    | Note
-------+----------+-------------------------------------------
     0 | D:1      | Essalna the Demonspawn Earth Elementalist began the quest
                  | for the Orb.
     0 | D:1      | Reached XP level 1. HP: 13/13 MP: 3/3
   352 | D:1      | Gained mutation: You regenerate a little health from kills.
                  | [demonic ancestry]
   352 | D:1      | Reached XP level 2. HP: 20/20 MP: 1/5
   627 | D:1      | Reached skill level 1 in Fighting
  1079 | D:2      | Reached XP level 3. HP: 26/26 MP: 1/6
  1624 | D:3      | Noticed Sigmund
  1681 | D:3      | Reached XP level 4. HP: 32/32 MP: 5/7
  1765 | D:3      | Found a runed translucent door.
  1768 | D:3      | Noticed paps's ghost (weakling DsGl)
  2069 | D:3      | Learned a level 3 spell: Stone Arrow
  2157 | D:4      | Noticed an ogre
  2180 | D:4      | Killed an ogre
  2181 | D:4      | Discovered your monstrous ancestry.
  2181 | D:4      | Gained mutation: You have a small tail. [demonic ancestry]
  2181 | D:4      | Reached XP level 5. HP: 39/39 MP: 4/9
  2310 | D:4      | Gained mutation: You have a pair of small antennae on your
                  | head. [demonic ancestry]
  2310 | D:4      | Reached XP level 6. HP: 46/46 MP: 6/11
  2369 | D:4      | Slain by an iguana

Illustrated notes

Levels and vault maps discovered:
D:1:      matt_arrival_los_fun, layout_basic, roderic_roman_lattice,
          nicolae_kite_square_tiling_tiny
D:2:      layout_rooms
D:3:      layout_basic, ebering_ghost_sewer_d, wad_orctagon, uniq_sigmund
D:4:      layout_basic, general_overflow_altar, chequers_serial_rivers_large_b

Skill      XL: |  1  2  3  4  5 |
---------------+----------------+-----
Fighting       | 1 2 |  2.7
Earth Magic    | 3 |  3.8
Conjurations   | 2 3 |  3.0
Spellcasting   | 3 |  3.3
Dodging        | |  1.7
Stealth        | |  1.7

Action                     |  1- 3 |  4- 6 || total
---------------------------+-------+-------++-------
  Melee: Mace              |     2 |       ||     2
   Cast: Sandblast         |    55 |    42 ||    97
 Armour: Robe              |     9 |    13 ||    22
  Dodge: Dodged            |    14 |    15 ||    29

Table legend: (Time is in decaauts)
 A = Elapsed time spent in this place.
 B = Non-inter-level travel time spent in this place.
 C = Inter-level travel time spent in this place.
 D = Time resting spent in this place.
 E = Time spent auto-exploring this place.
 F = Levels seen in this place.
 G = Mean time per level.
                   A        B        C        D        E       F      G
               +--------+--------+--------+--------+--------+-----+--------+
         Total |   2416 |   2285 |    131 |      0 |   1883 |   4 |  604.0 |
       Dungeon |   2416 |   2285 |    131 |      0 |   1883 |   4 |  604.0 |
               +--------+--------+--------+--------+--------+-----+--------+

Top non-repeatable levels by time:
     D:1: 1084 daAuts
     D:2: 576 daAuts
     D:3: 501 daAuts
     D:4: 253 daAuts
